TOP OF THE 1ST |
Roswell Invaders batting - Pitching for Portland Angels : LHP Alejandro Jimenez
|
Pitching: LHP Alejandro Jimenez
|
|
Batting: RHB Mike Smith
|
0-0: Ball 1-0: Foul Ball, location: 2F 1-1: Swinging Strike 1-2: Strikes out looking
|
Batting: LHB Falco van Koeveringe
|
0-0: Ball 1-0: Called Strike 1-1: Foul Ball, location: 2F 1-2: Ball 2-2: Ground out 4-3 (Groundball, 4, EV 85.6 MPH)
|
Batting: RHB Homer Petropoulos
|
0-0: Called Strike 0-1: Foul Ball, location: 2F 0-2: Strikes out swinging
|
Top of the 1st over - 0 runs, 0 hits, 0 errors, 0 left on base; Roswell 0 - Portland 0 |
BOTTOM OF THE 1ST |
Portland Angels batting - Pitching for Roswell Invaders : LHP Henry Torres
|
Pitching: LHP Henry Torres
|
|
Batting: RHB Carlos Gonzales
|
0-0: Ball 1-0: Ball 2-0: SINGLE (Line Drive, 9S, EV 85.0 MPH)
|
Batting: RHB Fernando Sosa
|
0-0: Called Strike 0-1: Swinging Strike 0-2: Ball 1-2: Ball 2-2: Strikes out swinging
|
Batting: LHB Ramon Garduno
|
0-0: Ball 1-0: Foul Ball, location: 2F 1-1: Ball 2-1: Called Strike 2-2: Strikes out swinging
|
Batting: RHB Alex Rosaly
|
0-0: Ball 1-0: Ball 2-0: Ball 3-0: Base on Balls Carlos Gonzales to second
|
Batting: SHB Yuya Hirata
|
0-0: Ball 1-0: Foul Ball, location: 2F 1-1: Fly out, F8 (Line Drive, 8LM, EV 93.1 MPH)
|
Bottom of the 1st over - 0 runs, 1 hit, 0 errors, 2 left on base; Roswell 0 - Portland 0 |
TOP OF THE 2ND |
Roswell Invaders batting - Pitching for Portland Angels : LHP Alejandro Jimenez
|
Batting: RHB Hidemitsu Matsuno
|
0-0: Called Strike 0-1: Ground out 4-3 (Groundball, 4, EV 88.8 MPH)
|
Batting: RHB Benjie Alejandro
|
0-0: Ball 1-0: Ball 2-0: Ball 3-0: Called Strike 3-1: Base on Balls
|
Batting: RHB Shing Mah
|
0-0: Foul Ball, location: 2F 0-1: Ball Wild Pitch! Benjie Alejandro to second 1-1: Ball 2-1: Called Strike 2-2: Ball 3-2: Strikes out swinging
|
Batting: RHB Carlos Gonzalez
|
0-0: SINGLE (Groundball, 6MS, EV 68.1 MPH) (infield hit) Benjie Alejandro to third
|
Batting: LHB Andrew Moore
|
0-0: Called Strike 0-1: Called Strike 0-2: Foul Ball, location: 2F 0-2: Strikes out swinging
|
Top of the 2nd over - 0 runs, 1 hit, 0 errors, 2 left on base; Roswell 0 - Portland 0 |
BOTTOM OF THE 2ND |
Portland Angels batting - Pitching for Roswell Invaders : LHP Henry Torres
|
Batting: LHB Kevin Feldman
|
0-0: Fly out, F6 (Popup, 6D, EV 53.8 MPH)
|
Batting: RHB Arnaud Derosiers
|
0-0: Called Strike 0-1: Ball 1-1: Ball 2-1: Foul Ball, location: 2F 2-2: Foul Ball, location: 2F 2-2: Ground out 4-3 (Groundball, 4, EV 108.1 MPH)
|
Batting: RHB Dan Contreras
|
0-0: Called Strike 0-1: Ball 1-1: Ground out 6-3 (Groundball, 6, EV 104.4 MPH)
|
Bottom of the 2nd over - 0 runs, 0 hits, 0 errors, 0 left on base; Roswell 0 - Portland 0 |
TOP OF THE 3RD |
Roswell Invaders batting - Pitching for Portland Angels : LHP Alejandro Jimenez
|
Batting: RHB Dave Beerman
|
0-0: Ball 1-0: Ground out 6-3 (Groundball, 6, EV 86.2 MPH)
|
Batting: RHB Mike Smith
|
0-0: Fly out, F3 (Line Drive, 34, EV 71.9 MPH)
|
Batting: LHB Falco van Koeveringe
|
0-0: Ball 1-0: Swinging Strike 1-1: Swinging Strike 1-2: Fly out, F9 (Flyball, 9LD, EV 86.2 MPH)
|
Top of the 3rd over - 0 runs, 0 hits, 0 errors, 0 left on base; Roswell 0 - Portland 0 |
BOTTOM OF THE 3RD |
Portland Angels batting - Pitching for Roswell Invaders : LHP Henry Torres
|
Batting: LHB David Coatney
|
0-0: SINGLE (Line Drive, 78S, EV 105.6 MPH)
|
Batting: RHB Carlos Gonzales
|
0-0: Called Strike 0-1: Called Strike 0-2: Ball 1-2: Strikes out swinging
|
Batting: RHB Fernando Sosa
|
0-0: Ball 1-0: SINGLE (Groundball, 56, EV 108.8 MPH) (infield hit) David Coatney to second
|
Batting: LHB Ramon Garduno
|
0-0: Foul Ball, location: 2F 0-1: Swinging Strike 0-2: Ball 1-2: Strikes out looking
|
Batting: RHB Alex Rosaly
|
0-0: Ball 1-0: Ball 2-0: Ball 3-0: Called Strike 3-1: Fly out, F8 (Flyball, 8RM, EV 93.1 MPH)
|
Bottom of the 3rd over - 0 runs, 2 hits, 0 errors, 2 left on base; Roswell 0 - Portland 0 |
TOP OF THE 4TH |
Roswell Invaders batting - Pitching for Portland Angels : LHP Alejandro Jimenez
|
Batting: RHB Homer Petropoulos
|
0-0: Called Strike 0-1: SINGLE (Groundball, 56D, EV 104.4 MPH)
|
Batting: RHB Hidemitsu Matsuno
|
0-0: Swinging Strike 0-1: Foul Ball, location: 2F 0-2: Strikes out looking
|
Batting: RHB Benjie Alejandro
|
0-0: Foul Ball, location: 2F 0-1: Ball 1-1: Foul Ball, location: 2F 1-2: Strikes out swinging
|
Batting: RHB Shing Mah
|
0-0: Called Strike 0-1: Called Strike 0-2: Ball 1-2: Ball 2-2: Foul Ball, location: 2F 2-2: Strikes out swinging
|
Top of the 4th over - 0 runs, 1 hit, 0 errors, 1 left on base; Roswell 0 - Portland 0 |
BOTTOM OF THE 4TH |
Portland Angels batting - Pitching for Roswell Invaders : LHP Henry Torres
|
Batting: SHB Yuya Hirata
|
0-0: Called Strike 0-1: Ball 1-1: Ball 2-1: Called Strike 2-2: DOUBLE (Line Drive, 7LM, EV 110.0 MPH)
|
Batting: LHB Kevin Feldman
|
0-0: Called Strike 0-1: Swinging Strike 0-2: Strikes out swinging
|
Batting: RHB Arnaud Derosiers
|
0-0: Fly out, F8 (Flyball, 89D, EV 91.2 MPH)
|
Batting: RHB Dan Contreras
|
0-0: Called Strike 0-1: Called Strike 0-2: Ball 1-2: Strikes out swinging
|
Bottom of the 4th over - 0 runs, 1 hit, 0 errors, 1 left on base; Roswell 0 - Portland 0 |
TOP OF THE 5TH |
Roswell Invaders batting - Pitching for Portland Angels : LHP Alejandro Jimenez
|
Batting: RHB Carlos Gonzalez
|
0-0: Ground out 6-3 (Groundball, 6, EV 107.5 MPH)
|
Batting: LHB Andrew Moore
|
0-0: Ball 1-0: Fly out, F6 (Popup, 56D, EV 47.5 MPH)
|
Batting: RHB Dave Beerman
|
0-0: Foul Ball, location: 2F 0-1: Ball 1-1: Foul Ball, location: 2F 1-2: Strikes out swinging, 2-3 out at first.
|
Top of the 5th over - 0 runs, 0 hits, 0 errors, 0 left on base; Roswell 0 - Portland 0 |
BOTTOM OF THE 5TH |
Portland Angels batting - Pitching for Roswell Invaders : LHP Henry Torres
|
Batting: LHB David Coatney
|
0-0: Hit by Pitch
|
Batting: RHB Carlos Gonzales
|
0-0: Ball 1-0: Fly out, F7 (Flyball, 7LM, EV 104.4 MPH)
|
Batting: RHB Fernando Sosa
|
0-0: Called Strike 0-1: Fly out, F9 (Flyball, 89M, EV 83.8 MPH)
|
Batting: LHB Ramon Garduno
|
0-0: Foul Ball, location: 2F 0-1: Swinging Strike 0-2: Strikes out looking
|
Bottom of the 5th over - 0 runs, 0 hits, 0 errors, 1 left on base; Roswell 0 - Portland 0 |
TOP OF THE 6TH |
Roswell Invaders batting - Pitching for Portland Angels : LHP Alejandro Jimenez
|
Batting: RHB Mike Smith
|
0-0: Swinging Strike 0-1: Ball 1-1: Foul Ball, location: 2F 1-2: Strikes out swinging
|
Batting: LHB Falco van Koeveringe
|
0-0: SOLO HOME RUN (Flyball, 9LD, EV 90.6 MPH), Distance : 329 ft
|
Batting: RHB Homer Petropoulos
|
0-0: Ball 1-0: Ball 2-0: Ball 3-0: Called Strike 3-1: Called Strike 3-2: Base on Balls
|
Batting: RHB Hidemitsu Matsuno
|
0-0: Foul Ball, location: 2F 0-1: Ball 1-1: Called Strike 1-2: Ball 2-2: Ball 3-2: Strikes out swinging
|
Pitching: LHP Jim Roney
|
|
Batting: RHB Benjie Alejandro
|
0-0: Ball 1-0: Foul Ball, location: 2F 1-1: Called Strike 1-2: Strikes out swinging
|
Top of the 6th over - 1 run, 1 hit, 0 errors, 1 left on base; Roswell 1 - Portland 0 |
BOTTOM OF THE 6TH |
Portland Angels batting - Pitching for Roswell Invaders : LHP Henry Torres
|
Batting: RHB Alex Rosaly
|
0-0: Ball 1-0: Ball 2-0: SINGLE (Groundball, 4MD, EV 110.6 MPH)
|
Batting: SHB Yuya Hirata
|
0-0: Ball 1-0: Foul Ball, location: 2F 1-1: Ball 2-1: Ball 3-1: Fielders Choice at 2nd, 6-4 (Groundball, 6, EV 103.8 MPH)
|
Batting: LHB Kevin Feldman
|
0-0: Called Strike 0-1: Ball 1-1: Fly out, F1 (Line Drive, P, EV 69.4 MPH)
|
Batting: RHB Arnaud Derosiers
|
0-0: Called Strike 0-1: Foul Ball, location: 2F 0-2: Ball 1-2: Fly out, F8 (Flyball, 8RD, EV 92.5 MPH)
|
Bottom of the 6th over - 0 runs, 1 hit, 0 errors, 1 left on base; Roswell 1 - Portland 0 |
TOP OF THE 7TH |
Roswell Invaders batting - Pitching for Portland Angels : LHP Jim Roney
|
Batting: RHB Shing Mah
|
0-0: Fly out, F8 (Flyball, 78M, EV 82.5 MPH)
|
Batting: RHB Carlos Gonzalez
|
0-0: Fly out, F5 (Popup, 5SF, EV 81.2 MPH)
|
Batting: LHB Andrew Moore
|
0-0: Ball 1-0: Ground out U3 (Groundball, 34S, EV 68.8 MPH)
|
Top of the 7th over - 0 runs, 0 hits, 0 errors, 0 left on base; Roswell 1 - Portland 0 |
BOTTOM OF THE 7TH |
Portland Angels batting - Pitching for Roswell Invaders : LHP Henry Torres
|
Batting: RHB Dan Contreras
|
0-0: Fly out, F7 (Flyball, 7LD, EV 91.2 MPH)
|
Batting: LHB David Coatney
|
0-0: Foul Ball, location: 2F 0-1: Called Strike 0-2: Ball 1-2: Foul Ball, location: 2F 1-2: Ground out 4-3 (Groundball, 4, EV 84.4 MPH)
|
Batting: RHB Carlos Gonzales
|
0-0: SINGLE (Groundball, 4M, EV 95.0 MPH)
|
Batting: RHB Fernando Sosa
|
0-0: Ball 1-0: Ball 2-0: Foul Ball, location: 2F 2-1: Swinging Strike 2-2: Strikes out swinging
|
Bottom of the 7th over - 0 runs, 1 hit, 0 errors, 1 left on base; Roswell 1 - Portland 0 |
TOP OF THE 8TH |
Roswell Invaders batting - Pitching for Portland Angels : LHP Jim Roney
|
Batting: RHB Dave Beerman
|
0-0: Ball 1-0: TRIPLE (Flyball, 78XD, EV 107.5 MPH)
|
Batting: RHB Mike Smith
|
0-0: Ball 1-0: Called Strike 1-1: SINGLE (Groundball, 34, EV 98.1 MPH) Dave Beerman scores
|
Batting: LHB Falco van Koeveringe
|
0-0: Ball 1-0: Called Strike 1-1: 2-RUN HOME RUN (Flyball, 89XD, EV 116.2 MPH), Distance : 461 ft
|
Pitching: LHP Willie Valenzuela
|
|
Batting: RHB Homer Petropoulos
|
0-0: Foul Ball, location: 2F 0-1: Called Strike 0-2: Strikes out swinging
|
Batting: RHB Hidemitsu Matsuno
|
0-0: Ground out 5-3 (Groundball, 5S, EV 61.2 MPH)
|
Batting: RHB Benjie Alejandro
|
0-0: Foul Ball, location: 2F 0-1: Ground out U3 (Groundball, 3S, EV 66.9 MPH)
|
Top of the 8th over - 3 runs, 3 hits, 0 errors, 0 left on base; Roswell 4 - Portland 0 |
BOTTOM OF THE 8TH |
Portland Angels batting - Pitching for Roswell Invaders : LHP Henry Torres
|
Batting: LHB Ramon Garduno
|
0-0: Ball 1-0: SINGLE (Flyball, 56D, EV 83.8 MPH)
|
Batting: RHB Alex Rosaly
|
0-0: Called Strike 0-1: SINGLE (Line Drive, 8RS, EV 103.8 MPH) Ramon Garduno to second
|
Batting: SHB Yuya Hirata
|
0-0: Called Strike 0-1: Foul Ball, location: 2F 0-2: Foul Ball, location: 2F 0-2: Foul Ball, location: 2F 0-2: Ball 1-2: Foul Ball, location: 2F 1-2: Strikes out swinging
|
Pitching: RHP Jaylen Hatten
|
|
Batting: LHB Kevin Feldman
|
0-0: Swinging Strike 0-1: Called Strike 0-2: Strikes out looking
|
Batting: RHB Arnaud Derosiers
|
0-0: Ball 1-0: Ball 2-0: Called Strike 2-1: Foul Ball, location: 2F 2-2: Ground out 4-3 (Groundball, 4, EV 78.1 MPH)
|
Bottom of the 8th over - 0 runs, 2 hits, 0 errors, 2 left on base; Roswell 4 - Portland 0 |
TOP OF THE 9TH |
Roswell Invaders batting - Pitching for Portland Angels : LHP Willie Valenzuela
|
Batting: RHB Shing Mah
|
0-0: Ball 1-0: Called Strike 1-1: Ball 2-1: Ball 3-1: Ground out 6-3 (Groundball, 6, EV 81.9 MPH)
|
Batting: RHB Carlos Gonzalez
|
0-0: Ball 1-0: Ball 2-0: Swinging Strike 2-1: Ball 3-1: Called Strike 3-2: Strikes out swinging
|
Batting: LHB Andrew Moore
|
0-0: Ball 1-0: Foul Ball, location: 2F 1-1: Ball 2-1: Swinging Strike 2-2: Strikes out swinging
|
Top of the 9th over - 0 runs, 0 hits, 0 errors, 0 left on base; Roswell 4 - Portland 0 |
BOTTOM OF THE 9TH |
Portland Angels batting - Pitching for Roswell Invaders : RHP Jaylen Hatten
|
Batting: RHB Dan Contreras
|
0-0: Ball 1-0: Foul Ball, location: 2F 1-1: Swinging Strike 1-2: Foul Ball, location: 2F 1-2: Foul Ball, location: 2F 1-2: Strikes out looking
|
Batting: LHB David Coatney
|
0-0: Ground out 6-3 (Groundball, 6, EV 105.0 MPH)
|
Batting: RHB Carlos Gonzales
|
0-0: Called Strike 0-1: Foul Ball, location: 2F 0-2: Foul Ball, location: 2F 0-2: Ball 1-2: Ball 2-2: Ball 3-2: Base on Balls
|
Batting: RHB Fernando Sosa
|
0-0: Ball 1-0: Ball 2-0: Ball 3-0: Called Strike 3-1: Base on Balls Carlos Gonzales to second
|
Pitching: RHP John Meyer
|
|
Batting: LHB Ramon Garduno
|
0-0: Fly out, F8 (Flyball, 8LM, EV 89.4 MPH)
|
Bottom of the 9th over - 0 runs, 0 hits, 0 errors, 2 left on base; Roswell 4 - Portland 0 |
|